 Dungeon Crawl Stone Soup version 0.19-a0-1268-g6c5d9f8 (webtiles) character file.

109 inmateoo the Insei (level 4, -5/32 HPs)
             Began as a Demonspawn Transmuter on Aug 29, 2016.
             Slain by Natasha (8 damage)
             ... on level 2 of the Dungeon.
             The game lasted 00:03:12 (3250 turns).

inmateoo the Insei (Demonspawn Transmuter)          Turns: 3250, Time: 00:03:13

Health: -5/32      AC:  3    Str: 10    XL:     4   Next: 60%
Magic:  7/8        EV: 12    Int: 14    God:
Gold:   76         SH:  0    Dex: 15    Spells: 3 memorised, 2 levels left

rFire  . . .     SeeInvis .       - Unarmed
rCold  . . .     Gourm    .     b - +0 robe
rNeg   . . .     Faith    .     (no shield)
rPois  .         Spirit   .     (no helmet)
rElec  .         Dismiss  .     (no cloak)
rCorr  .         Reflect  .     o - +0 pair of gloves
MR     .....     Harm     .     (no boots)
Stlth  +.........               (no amulet)
                                (no ring)
                                (no ring)

@: appendage (expiring), slowed, very slow
A: horns 2, demonic guardian 1
a: End Transformation


You were on level 2 of the Dungeon.
You were very hungry.
You had grown temporary horns.
You visited 1 branch of the dungeon, and saw 2 of its levels.

You collected 76 gold pieces.

Inventory:

Missiles
 a - 31 arrows
Armour
 b - a +0 robe (worn)
 o - a +0 pair of gloves (worn)
Wands
 n - a wand of flame (39/48)
Scrolls
 g - 3 scrolls of identify {unknown}
 h - a scroll of magic mapping {unknown}
 j - a scroll of enchant armour {unknown}
 k - a scroll of noise {unknown}
 l - a scroll of enchant weapon {unknown}
 p - a scroll of amnesia {unknown}
Potions
 e - a potion of curing
 f - a potion of might {unknown}
 i - 2 potions of flight {unknown}
Books
 c - a book of Changes

   Spells                             Type                      Level
   a - Beastly Appendage              Transmutation                1
   b - Sticks to Snakes               Transmutation                2
   c - Spider Form                    Transmutation/Poison         3
   d - Ice Form                       Ice/Transmutation            4
   e - Blade Hands                    Transmutation                5
Comestibles
 d - 2 bread rations
 m - 4 fruits


   Skills:
 - Level 1.0 Fighting
 - Level 1.7 Dodging
 * Level 4.0 Unarmed Combat
 + Level 2.7 Spellcasting
 + Level 2.6 Transmutations


You had 2 spell levels left.
You knew the following spells:

 Your Spells              Type           Power        Failure   Level  Hunger
a - Beastly Appendage     Tmut           #.....       10%         1    #......
b - Sticks to Snakes      Tmut           #.......     14%         2    ###....
c - Spider Form           Tmut/Pois      #.........   47%         3    ###....


Dungeon Overview and Level Annotations

Branches:
Dungeon (2/15)

Altars:

Annotations:
D:2 Natasha


Innate Abilities, Weirdness & Mutations

A weak demonic guardian rushes to your aid.
You have a pair of horns on your head.


Message History

Unknown command.
Casting: Beastly Appendage
Confirm with . or Enter, or press ? or * to list all spells.
You grow a pair of large bovine horns.
Natasha closely misses you.
You closely miss Natasha.
Natasha is severely wounded.
Your transformation is almost over.
Natasha claws you.
* * * LOW HITPOINT WARNING * * *
Natasha claws you.
* * * LOW HITPOINT WARNING * * *
You closely miss Natasha.
Natasha is severely wounded.
Natasha claws you but does no damage.
You hit Natasha.
Natasha is severely wounded.
Natasha stares at you and mumbles some strange words.
You feel as though you will be slow longer.
Natasha claws you!
You die...

#......#.#.#.....#####'##.....# #
######.#.#.#.....####.........###
.........#.'................#....
######.#####......###.......#####
.# #.# #......# #.......# .# #.#
#......# #.......#
.#####'#####......# #.......#
..................# #..(....#
................@.# #.......#
...............h..# #.......#
#................)# #.......#
#.................# #..)....#
..................# #.......#
..................# #.......#
..................# #########
#.............#####
#.............#


You could see Natasha.

Vanquished Creatures
  Natasha (D:2)
  2 adders (D:2)
  A worm (D:2)
  2 giant geckos
  A ball python (D:1)
  9 bats
  5 giant cockroaches
  7 goblins
  7 hobgoblins
  A quokka (D:2)
  10 kobolds
  10 rats
56 creatures vanquished.

Vanquished Creatures (collateral kills)
  Natasha (D:2)
  A giant cockroach (D:2)
  A goblin (D:2)
  A hobgoblin (D:2)
  A kobold (D:2)
5 creatures vanquished.

Grand Total: 61 creatures vanquished

Notes
Turn   | Place    | Note
-------+----------+-------------------------------------------
     0 | D:1      | inmateoo the Demonspawn Transmuter began the quest for the Orb.
     0 | D:1      | Reached XP level 1. HP: 15/15 MP: 3/3
   304 | D:1      | Reached skill level 3 in Unarmed Combat
   304 | D:1      | Gained mutation: A weak demonic guardian rushes to your aid. [demonic ancestry]
   304 | D:1      | Reached XP level 2. HP: 8/21 MP: 5/5
   530 | D:1      | Learned a level 2 spell: Sticks to Snakes
   938 | D:1      | Reached XP level 3. HP: 24/26 MP: 6/6
  1084 | D:2      | Learned a level 3 spell: Spider Form
  2681 | D:2      | Noticed Natasha
  2682 | D:2      | Reached XP level 4. HP: 27/32 MP: 5/7
  2710 | D:2      | Killed Natasha
  3146 | D:2      | Noticed Natasha
  3151 | D:2      | Killed Natasha
  3151 | D:2      | Reached skill level 4 in Unarmed Combat
  3236 | D:2      | Noticed Natasha
  3250 | D:2      | Slain by Natasha

Vault maps used:
D:1:      dpeg_arrival_ratfight, minmay_misc_feat_chi, st_stairs_13,
          minmay_surrounded
D:2:      first_bread, uniq_natasha

Skill      XL: |  1  2  3  4 |
---------------+-------------+-----
Transmutations | 2 |  2.6
Unarmed Combat | 3 4 |  4.0
Fighting       | |  1.0
Dodging        | |  1.7
Spellcasting   | |  2.7

Action                   |  1- 3 |  4- 6 || total
-------------------------+-------+-------++-------
Melee: Unarmed           |   184 |    45 ||   229
       Kick              |     5 |     2 ||     7
       Headbutt          |     3 |       ||     3
       Punch             |     2 |       ||     2
 Cast: Beastly Appendage |    15 |     4 ||    19
       Sticks to Snakes  |     4 |       ||     4
  Use: Potion            |     1 |       ||     1
 Stab: Sleeping          |     4 |       ||     4
  Eat: Chunk             |     6 |     1 ||     7
Armor: Robe              |    34 |    11 ||    45
Dodge: Dodged            |   104 |    22 ||   126
